Map: Sludge City

Players

Grimorous

  • Race: Zerg Zerg
  • League: Bronze
  • Spawn Location: 9:00

BladeLady

  • Race: Protoss Protoss
  • Spawn Location: 11:00

LilDicky - Winner!

  • Race: Terran Terran
  • League: Diamond
  • Spawn Location: 5:00

NoHandsMan - Winner!

  • Race: Protoss Protoss
  • Spawn Location: 5:00

VOD

http://www.twitch.tv/tumescentpie

Description

Time

  • Played on: Nov. 28, 2015, 4:38 a.m.
  • Length: 14:39
Show
View Real Time Build Order
Export as new Build Order

Grimorous Zerg 

Build Orders: Pool First 

Get SALT Encoding   

  12  0:42  Spawning Pool  
  11  0:47  Hatchery  
  10  2:03  Zergling x6  
  10  2:04  Zergling x2  
  14  2:12  Overlord  
  14  2:21  Extractor  
  14  2:22  Extractor  
  12  2:35  Hatchery  
  11  2:38  Zergling x10  
  16  2:53  Drone x3  
  19  3:23  Zergling x10  
  19  3:26  Zergling x2  
  25  4:11  Zergling x8  
  25  4:12  Zergling x4  
  25  4:15  Zergling x2  
  32  4:23  Zergling x2  
  30  5:28  Zergling x8  
  34  5:29  Overlord x2  
  15  5:55  Lair  
  15  6:24  Hatchery  
  9  6:52  Zergling x12  
  9  6:53  Zergling x2  
  16  6:57  Zergling x2  
  17  7:04  Zergling x2  
  18  7:34  Drone x3  
  11  8:29  Spore Crawler  
  11  9:42  Hatchery  
  10  10:00  Extractor  
  10  10:03  Extractor  
  8  11:38  Spawning Pool  
  7  11:41  Overlord x3  
  7  11:58  Evolution Chamber  
  3  12:39  Hatchery  
  2  12:59  Extractor  
  2  13:00  Extractor  
    13:06  Drone  
  1  13:59  Drone  
Show
View Real Time Build Order
Export as new Build Order

BladeLady Protoss 

Build Orders:  

Get SALT Encoding   

  12  0:12  Pylon  
  12  0:32  Gateway  
  12  0:41  Forge  
  12  1:06  Pylon  
  12  1:18  Pylon  
  13  1:32  Probe (Chrono Boost)  
  13  1:43  Probe (Chrono Boost)  
  14  1:53  Probe (Chrono Boost)  
  14  1:54  Pylon  
  15  1:59  Pylon  
  15  2:04  Probe (Chrono Boost)  
  15  2:08  Photon Cannon  
  16  2:09  Photon Cannon  
  16  2:15  Probe (Chrono Boost)  
  17  2:25  Probe (Chrono Boost)  
  18  2:33  Photon Cannon  
  18  2:36  Probe (Chrono Boost)  
  19  2:39  Photon Cannon  
  19  2:46  Probe (Chrono Boost)  
  19  2:49  Assimilator  
  20  2:55  Assimilator  
  20  3:15  Photon Cannon  
  20  3:17  Photon Cannon  
  20  3:19  Photon Cannon  
  20  3:47  Cybernetics Core  
  20  3:51  Probe (Chrono Boost)  
  21  4:01  Probe (Chrono Boost)  
  22  4:12  Probe (Chrono Boost)  
  23  4:22  Probe (Chrono Boost)  
  24  4:28  Photon Cannon  
  24  4:29  Photon Cannon  
  24  4:31  Photon Cannon  
  24  4:33  Probe (Chrono Boost)  
  24  4:35  Photon Cannon  
  25  4:44  Photon Cannon  
  25  5:05  Pylon  
  25  5:12  Pylon  
  25  5:17  Photon Cannon  
  25  5:18  Photon Cannon  
  25  5:22  Photon Cannon  
  25  5:36  Photon Cannon  
  25  5:47  Photon Cannon  
  25  5:52  Photon Cannon  
  25  6:05  Photon Cannon  
  25  6:26  Probe (Chrono Boost)  
  26  6:37  Probe (Chrono Boost)  
  27  6:46  Zealot  
  29  6:47  Probe (Chrono Boost)  
  30  6:58  Probe (Chrono Boost)  
  32  7:08  Probe (Chrono Boost)  
  32  7:13  Zealot  
  34  7:19  Probe (Chrono Boost)  
  35  7:29  Probe (Chrono Boost)  
  36  7:35  Photon Cannon  
  36  7:37  Photon Cannon  
  36  7:39  Photon Cannon x2  
  36  7:40  Probe (Chrono Boost), Photon Cannon  
  37  7:50  Probe (Chrono Boost)  
  38  8:19  Zealot  
  36  8:46  Zealot  
  36  9:13  Zealot  
  36  9:40  Zealot  
  38  10:04  Pylon  
  38  10:06  Pylon  
  38  10:07  Zealot  
  38  10:14  Stargate  
  40  10:19  Stargate  
  40  10:34  Zealot  
  42  11:00  Void Ray  
  42  11:01  Zealot  
  42  11:03  Void Ray  
  52  11:28  Zealot  
  46  11:43  Void Ray  
  46  11:46  Void Ray  
  54  11:53  Pylon  
Show
View Real Time Build Order
Export as new Build Order

LilDicky Terran - Winner!

Build Orders:  

Get SALT Encoding   

  12  0:01  SCV  
  13  0:18  Supply Depot  
  13  0:57  Barracks  
  13  0:59  SCV  
  14  1:11  SCV  
  15  1:28  SCV  
  16  1:44  Marine  
  16  1:47  Orbital Command  
  17  1:48  Command Center  
  17  1:57  Supply Depot  
  17  2:02  Marine  
  18  2:13  SCV  
  19  2:20  Marine  
  20  2:26  SCV  
  21  2:38  SCV  
  21  2:40  Command Center  
  22  2:50  SCV  
  23  2:54  Marine  
  24  3:04  Orbital Command  
  24  3:11  SCV  
  25  3:13  Marine  
  26  3:24  SCV  
  27  3:31  SCV  
  28  3:38  SCV  
  28  3:40  Marine  
  30  3:53  Orbital Command  
  30  4:09  Refinery  
  30  4:10  SCV, Refinery  
  30  4:13  Refinery  
  30  4:16  Refinery  
  32  4:17  SCV  
  32  4:18  SCV  
  31  4:25  SCV  
  31  4:31  SCV x2  
  34  4:53  Orbital Command  
  34  5:05  SCV  
  34  5:06  SCV, Engineering Bay  
  36  5:18  SCV  
  37  5:23  SCV  
  38  5:43  SCV x2  
  38  5:44  SCV  
  41  5:50  Refinery  
  41  5:55  SCV x2  
  42  6:55  Missile Turret  
  42  7:40  SCV x3  
  45  7:52  SCV  
  46  8:15  Command Center  
  46  8:16  SCV  
  46  8:17  SCV x2  
  49  8:28  SCV  
  50  8:54  SCV  
  50  8:55  SCV x2  
  53  9:29  Orbital Command  
  53  9:38  SCV x2  
  55  9:52  Missile Turret  
  55  10:01  SCV x2  
  55  10:02  SCV  
  58  10:15  Command Center  
  58  10:21  Marine  
  59  10:56  SCV  
  59  10:57  SCV x2  
  62  11:07  SCV  
  63  11:21  SCV  
  63  11:22  SCV x3  
  67  11:27  Orbital Command  
  67  11:40  Command Center  
  67  11:51  Refinery  
  67  11:55  SCV  
  67  11:56  SCV  
  67  11:59  Command Center  
  69  12:03  Command Center  
  69  12:09  Command Center  
  69  12:41  Missile Turret  
  69  12:42  Missile Turret  
  69  12:43  Missile Turret x2  
  69  12:46  Missile Turret  
  69  12:52  Missile Turret  
  69  12:56  Missile Turret  
  69  12:58  Missile Turret  
  69  12:59  Missile Turret x2  
  69  13:01  Missile Turret, Orbital Command  
  69  13:04  SCV  
  69  13:05  Missile Turret  
  70  13:06  Missile Turret  
  70  13:08  Missile Turret x2  
  70  13:16  SCV  
  70  13:17  SCV  
  70  13:18  SCV x3  
  75  13:20  Orbital Command  
  75  13:21  Orbital Command  
  75  13:24  Orbital Command  
  75  13:26  SCV  
  76  13:34  Command Center  
  76  13:39  SCV  
  76  13:40  SCV x4  
  81  13:46  SCV x3  
  84  13:50  SCV  
  84  13:51  SCV  
  84  13:52  SCV  
  84  13:54  Command Center  
  87  14:12  Command Center  
  87  14:13  SCV x7  
  87  14:14  SCV  
  87  14:15  SCV  
  96  14:25  SCV x4  
  96  14:26  SCV x2  
  96  14:27  SCV  
Show
View Real Time Build Order
Export as new Build Order

NoHandsMan Protoss - Winner!

Build Orders:  

Get SALT Encoding   

  12  0:02  Probe (Chrono Boost)  
  13  0:15  Probe (Chrono Boost)  
  13  0:21  Pylon  
  14  0:25  Probe (Chrono Boost)  
  15  0:43  Gateway  
  15  0:47  Probe (Chrono Boost)  
  16  0:53  Assimilator  
  16  0:57  Probe (Chrono Boost)  
  17  1:08  Probe (Chrono Boost)  
  19  1:18  Probe (Chrono Boost)  
  19  1:33  Cybernetics Core  
  19  1:37  Probe (Chrono Boost)  
  20  1:48  Nexus  
  20  1:52  Pylon  
  20  1:53  Probe (Chrono Boost)  
  21  2:01  Assimilator  
  21  2:04  Probe (Chrono Boost)  
  22  2:13  Warp Gate  
  24  2:16  Mothership Core (Chrono Boost)  
  24  2:21  Zealot  
  26  2:34  Probe (Chrono Boost)  
  26  2:36  Pylon  
  27  2:45  Probe (Chrono Boost)  
  27  2:50  Zealot  
  30  2:55  Probe (Chrono Boost)  
  31  3:06  Probe (Chrono Boost)  
  32  3:16  Probe (Chrono Boost)  
  32  3:18  Gateway  
  32  3:19  Gateway  
  33  3:24  Gateway  
  34  3:27  Probe x2 (Chrono Boost)  
  35  3:37  Probe (Chrono Boost)  
  35  3:38  Probe (Chrono Boost)  
  37  3:41  Robotics Facility  
  37  3:43  Pylon  
  37  3:47  Gateway  
  37  3:49  Gateway x2  
  37  3:54  Gateway  
  37  3:56  Pylon  
  37  4:00  Pylon  
  37  4:15  Probe x2 (Chrono Boost)  
  39  4:26  Probe x2 (Chrono Boost)  
  39  4:29  Pylon  
  39  4:30  Pylon  
  41  4:32  Warp Prism  
  41  4:36  Stalker, Probe x2 (Chrono Boost)  
  41  4:37  Stalker x3  
  53  4:50  Stalker  
  53  4:51  Stalker x3  
  61  5:11  Stalker  
  61  5:12  Stalker x3  
  61  5:14  Stalker x2  
  71  5:15  Stalker x2  
  65  5:40  Stalker  
  65  5:41  Stalker x6  
  65  5:42  Stalker  
  75  6:04  Probe x2 (Chrono Boost)  
  77  6:11  Stalker  
  77  6:12  Stalker x5  
  77  6:13  Stalker x2  
  77  6:15  Probe (Chrono Boost)  
  94  6:23  Probe (Chrono Boost)  
  88  6:25  Probe (Chrono Boost)  
  78  6:38  Stalker  
  78  6:39  Stalker x6  
  78  6:40  Stalker  
  62  7:03  Stalker x3  
  62  7:04  Stalker x3  
  74  7:25  Zealot  
  74  7:26  Zealot x4  
  74  7:27  Zealot x3  
  90  7:47  Zealot x2  
  94  8:09  Pylon  
  94  8:11  Pylon  
  90  8:13  Pylon  
  90  8:15  Pylon  
  90  8:17  Pylon  
  88  8:21  Gateway  
  88  8:24  Gateway  
  86  8:27  Gateway  
  86  8:29  Gateway, Zealot  
  86  8:30  Zealot x2  
  86  8:31  Zealot x5  
  86  8:32  Gateway  
  102  8:35  Assimilator  
  102  8:40  Assimilator  
  102  8:51  Twilight Council  
  102  8:56  Stalker  
  102  8:57  Stalker x6  
  102  8:58  Stalker  
  118  9:30  Nexus  
  118  9:35  Stalker  
  118  9:36  Stalker x4  
  118  9:37  Stalker x2, Nexus  
  132  9:48  Charge (Chrono Boost)  
  132  9:52  Nexus  
  132  10:16  Pylon  
  132  10:20  Pylon  
  132  10:21  Pylon  
  132  10:23  Pylon  
  132  10:27  Forge  
  132  10:29  Forge  
  132  10:40  Stalker  
  132  10:41  Stalker x3  
  132  10:42  Stalker x7  
  150  10:43  Stalker x2  
  158  11:02  Protoss Ground Weapons Level 1, Protoss Ground Armor Level 1  
  158  11:15  Assimilator  
  158  11:18  Assimilator  
  158  11:22  Assimilator  
  158  11:26  Assimilator  
  158  11:32  Blink (Chrono Boost)  
  158  11:40  Zealot x2  
  158  11:41  Zealot x6  
  158  11:42  Zealot x3  
  158  11:43  Zealot x2  
  182  12:05  Stalker  
  182  12:06  Stalker x5  
  182  12:07  Stalker x4  
  182  12:08  Stalker x2  
  200  12:09  Stalker  
  164  12:30  Stalker  
  164  12:31  Stalker x4  
  164  12:32  Stalker x4  
  164  12:33  Stalker x2  
  164  12:34  Stalker x2  
  180  13:11  Stalker  
  180  13:12  Stalker x7  
  194  13:13  Stalker x2  
Tags
 
Add a new tag
Caveats
  • Supply blocks, unpowered buildings, or Contaminate may cause inaccurate times.
  • Supply counts are checked every 10 seconds.